 Dungeon Crawl Stone Soup version 0.31.0-11-ge490571c62 (webtiles) character file.

Game seed: 79087869234999704

642302 Esekla the Archmage (level 27, 0/135 HPs)
             Began as a Vine Stalker Warper on Feb 1, 2024.
             Was the Champion of Vehumet.
             Killed from afar by a Killer Klown (5 damage)
             ... with a klown pie
             ... on level 5 of the Realm of Zot on Feb 2, 2024.
             The game lasted 14:24:24 (75907 turns).

Esekla the Archmage (Vine Stalker Warper)          Turns: 75907, Time: 14:24:25

Health: 0/135      AC: 22    Str: 22 (25) XL:     27
Magic:  0/64       EV: 13    Int: 30 (31) God:    Vehumet [******]
Gold:   5059       SH: 18    Dex: 17      Spells: 9/80 levels left

rFire   + . .        a - +10 falchion of Etaifoti {speed, rPois}
rCold   + . .        l - +5 Storm Queen's Shield {shock, Fly rElec}
rNeg    . . .        V - +1 robe of Vines {NoPotionHeal Regen++++}
rPois   +            F - +2 helmet {Int+3}
rElec   +            W - +2 cloak {Will+}
rCorr   +            i - +2 pair of gloves {Str+3}
SInv    .            E - +5 pair of boots of a sewer {MP+9 Dex+4}
Will    +++++        p - amulet of Moral Flaws {RegenMP Int+6}
Stlth   +++          d - +4 ring of protection
HPRegen 4.42/turn    b - ring "Keish" {rF+ rC+ rCorr}
MPRegen 0.79/turn

%: guardian spirit
@: vertiginous, flying, slightly contaminated, studying Dodging
A: fangs 3, regeneration 1, magic shield, antimagic bite, no potion heal 2,
frail 1, strong-willed 1, strong 1, subdued magic 1, inability to read after
injury 2
}: 4/15 runes: serpentine, barnacled, slimy, silver
a: Renounce Religion


You were on level 5 of the Realm of Zot.
You worshipped Vehumet.
Vehumet was exalted by your worship.
You visited 13 branches of the dungeon, and saw 57 of its levels.
You also visited: Trove and Ice Cave.

You collected 11951 gold pieces.
You spent 6892 gold pieces at shops.

Inventory:

Hand Weapons
 a - the +10 falchion of Etaifoti (weapon) {speed, rPois}
   (You found it on level 3 of the Depths)

   rPois:     It protects you from poison
 f - the +7 falchion of the Twisting Gods {flame, rN+ Will+}
   (You found it on level 3 of the Snake Pit)

   rN+:       It protects you from negative energy.
   Will+:     It increases your willpower.
 r - the +6 spear of Ilasaef {flame, +Blink Dex+2}
   (You found it on level 2 of the Depths)

   Dex+2:     It affects your dexterity (+2).
   +Blink:    It lets you blink.
 s - a +9 dagger of electrocution
 x - the +8 demon blade "Leech" {evervamp, Harm ^Drain rN+}
   (You found it on level 3 of the Crypt)

   rN+:       It protects you from negative energy.
   ^Drain:    It drains your maximum health when unequipped.
   Harm:      It increases damage dealt and taken.
 z - a +9 scimitar of freezing
Missiles
 B - 14 curare-tipped darts
 C - 40 poisoned darts (quivered)
 X - 44 boomerangs
Armour
 i - a +2 pair of gloves of strength (worn)
 k - the +2 hat of the Land of Plenty {Rampage Str+4}
   (You found it on level 3 of the Shoals)

   Str+4:     It affects your strength (+4).
   Rampage:   It bestows one free step when moving towards enemies.
 l - the +5 Storm Queen's Shield (worn) {shock, Fly rElec}
   (You bought it in a shop on level 5 of the Vaults)

   Shock:     When it blocks an attack, it may electrocute the attacker.
   This works even against foes who are a short distance away.
   rElec:     It insulates you from electricity.
   Fly:       It grants you flight.
 y - a +2 robe of resistance
 E - the +5 pair of boots of a sewer (worn) {MP+9 Dex+4}
   (You found it on level 3 of the Elven Halls)

   Dex+4:     It affects your dexterity (+4).
   MP+9:      It affects your magic capacity (+9).
 F - a +2 helmet of intelligence (worn)
 V - the +1 robe of Vines (worn) {NoPotionHeal Regen++++}
   (You bought it in a shop on level 2 of the Orcish Mines)

   NoPotionHeal: Its wearer cannot be healed by potions.
   Regen++++: It increases your rate of health regeneration.
 W - a +2 cloak of willpower (worn)
Jewellery
 b - the ring "Keish" (right hand) {rF+ rC+ rCorr}
   (You acquired it on level 2 of the Orcish Mines)

   [ring of resist corrosion]

   rF+:       It protects you from fire.
   rC+:       It protects you from cold.
   rCorr:     It protects you from acid and corrosion.
 d - a +4 ring of protection (left hand)
 p - the amulet of Moral Flaws (around neck) {RegenMP Int+6}
   (You found it on level 3 of the Depths)

   [amulet of magic regeneration]

   RegenMP:   It increases your rate of magic regeneration.
   Int+6:     It affects your intelligence (+6).
 q - the ring "Efeg" {rPois Int+6}
   (You acquired it on level 2 of the Orcish Mines)

   [ring of intelligence]

   Int+6:     It affects your intelligence (+6).
   rPois:     It protects you from poison
 u - the ring "Vitix" {Int+2 Dex+6 SInv Stlth+}
   (You took it off a deep elf high priest on level 3 of the Elven Halls)

   [ring of dexterity]

   Int+2:     It affects your intelligence (+2).
   Dex+6:     It affects your dexterity (+6).
   SInv:      It lets you see invisible.
   Stlth+:    It makes you more stealthy.
 w - the ring of Hekukhiu {Fly Str+2 Int+6}
   (You took it off a yaktaur captain on level 5 of the Vaults)

   [ring of intelligence]

   Str+2:     It affects your strength (+2).
   Int+6:     It affects your intelligence (+6).
   Fly:       It grants you flight.
 N - an amulet of reflection
 O - the dreamshard necklace {Acrobat *Dream}
   (You found it in an ice cave)

   [amulet of the acrobat]

   *Dream:    It absorbs a single lethal wound into itself, holding its wearer
   just short of death and releasing dream-creatures to guard them.
   Acrobat:   It increases your evasion while moving and waiting.
 S - a ring of wizardry
Wands
 o - a wand of flame (95)
 H - a wand of paralysis (50)
 J - a wand of mindburst (52)
 K - a wand of digging (20)
 R - a wand of acid (22)
 Y - a wand of iceblast (36)
Scrolls
 c - 5 scrolls of blinking
 g - 12 scrolls of poison
 j - 4 scrolls of fear
 n - 8 scrolls of fog
 t - 10 scrolls of revelation
 U - 27 scrolls of teleportation
 Z - 4 scrolls of silence
Potions
 h - 5 potions of ambrosia
 v - 2 potions of berserk rage
 A - a potion of magic
 D - 5 potions of might
 G - 4 potions of haste
 I - 7 potions of brilliance
 L - 3 potions of cancellation
 M - 4 potions of resistance
 P - 7 potions of attraction
 Q - 3 potions of invisibility
 T - 13 potions of curing
Miscellaneous
 m - a lightning rod (4/4)


   Skills:
 * Level 17.4 Fighting
 + Level 5.2(7.9) Short Blades
 + Level 9.3(9.9) Long Blades
 + Level 3.1 Throwing
 - Level 2.8 Armour
 * Level 11.3 Dodging
 + Level 6.5 Stealth
 + Level 12.4 Shields
 O Level 27 Spellcasting
 + Level 9.3 Conjurations
 + Level 14.4 Necromancy
 + Level 5.1 Translocations
 + Level 12.3 Fire Magic
 + Level 11.2 Ice Magic
 + Level 16.2 Air Magic
 * Level 7.9 Earth Magic
 + Level 16.3 Alchemy
 + Level 0.5 Evocations


You had 9 spell levels left.
You knew the following spells:

 Your Spells              Type           Power      Damage    Failure   Level
a - Ozocubu's Armour      Ice            70%        N/A       1%          3
b - Blink                 Tloc           100%       N/A       1%          2
c - Mephitic Cloud        Conj/Alch/Air  77%        N/A       1%          3
d - Vampiric Draining     Necr           78%        2d11      1%          3
e - Iskenderun's Mystic   Conj/Tloc      59%        2d12      1%          4
h - Vhi's Electric Charg  Tloc/Air       100%       N/A       1%          4
i - Irradiate             Conj/Alch      37%        3d24      1%          5
k - Airstrike             Air            41%        2d(6-22)  1%          4
l - Lee's Rapid Deconstr  Erth           30%        3d16*     1%          5
m - Maxwell's Capacitive  Air            41%        ∞         4%          8
n - Ignite Poison         Fire/Alch      77%        N/A       1%          4
p - Apportation           Tloc           100%       N/A       1%          1
r - Frozen Ramparts       Ice            100%       1d16      1%          3
u - Dispel Undead         Necr           78%        3d26      1%          4
v - Mercury Vapours       Alch/Air       100%       N/A       1%          2
w - Fugue of the Fallen   Necr           78%        N/A       1%          3
x - Olgreb's Toxic Radia  Alch           82%        N/A       1%          4
y - Sticky Flame          Fire/Alch      77%        2d12      1%          4
z - Freezing Cloud        Conj/Ice/Air   36%        6-21      1%          5

Your spell library contained the following spells:

 Spells                   Type           Power      Damage    Failure   Level
 Chain Lightning          Conj/Air       37%        3d49      82%         9
 Foxfire                  Conj/Fire      100%       2x1d9     1%          1
 Freeze                   Ice            100%       1d10      1%          1
 Kiss of Death            Conj/Necr      100%       2d13      1%          1
 Magic Dart               Conj           100%       1d8       1%          1
 Necrotise                Necr           100%       1d9       1%          1
 Sandblast                Erth           100%       2d20      1%          1
 Shock                    Conj/Air       100%       1d9       1%          1
 Sting                    Conj/Alch      100%       1d9       1%          1
 Cigotuvi's Dreadful Rot  Necr/Alch/Air  100%       N/A       1%          2
 Ensorcelled Hibernation  Hex/Ice        100%       N/A       1%          2
 Lesser Beckoning         Tloc           100%       N/A       1%          2
 Momentum Strike          Conj/Tloc      100%       3d10      1%          2
 Scorch                   Fire           100%       2d9       1%          2
 Searing Ray              Conj           100%       2d8       1%          2
 Static Discharge         Conj/Air       100%       3-8/arc   1%          2
 Sublimation of Blood     Necr           78%        N/A       1%          2
 Dazzling Flash           Conj/Hex       100%       N/A       1%          3
 Gell's Gravitas          Tloc           53%        N/A       1%          3
 Hailstorm                Conj/Ice       68%        3d12      1%          3
 Inner Flame              Hex/Fire       56%        N/A       1%          3
 Passwall                 Erth           61%        N/A       1%          3
 Stone Arrow              Conj/Erth      100%       3d13      1%          3
 Summon Ice Beast         Ice/Summ       54%        N/A       1%          3
 Swiftness                Air            82%        N/A       1%          3
 Teleport Other           Tloc           53%        N/A       1%          3
 Volatile Blastmotes      Fire/Tloc      100%       2d18      1%          3
 Anguish                  Hex/Necr       29%        N/A       1%          4
 Brom's Barrelling Bould  Conj/Erth      63%        2d8       1%          4
 Fulminant Prism          Conj/Alch      37%        3d17      1%          4
 Leda's Liquefaction      Alch/Erth      36%        N/A       1%          4
 Martyr's Knell           Necr/Summ      59%        N/A       1%          4
 Summon Lightning Spire   Summ/Air       62%        N/A       1%          4
 Alistair's Intoxication  Alch           54%        N/A       1%          5
 Curse of Agony           Necr           78%        N/A       1%          5
 Iskenderun's Battlesphe  Conj           65%        2d11      1%          5
 Conjure Ball Lightning   Conj/Air       37%        3x3d12    1%          6
 Death Channel            Necr           39%        N/A       1%          6
 Eringya's Noxious Bog    Alch           41%        4d6       1%          6
 Plasma Beam              Fire/Air       38%        2x1d52    1%          6
 Starburst                Conj/Fire      34%        6d10      1%          6
 Slow                     Hex            100%       N/A       2%          1
 Summon Blazeheart Golem  Fire/Summ      56%        N/A       2%          4
 Silence                  Hex/Air        31%        N/A       2%          5
 Bombard                  Conj/Erth      31%        9d6       2%          6
 Call Imp                 Summ           62%        N/A       3%          2
 Jinxbite                 Hex            62%        N/A       3%          2
 Manifold Assault         Tloc           53%        N/A       3%          4
 Passage of Golubria      Tloc           53%        N/A       3%          4
 Animate Armour           Summ/Erth      98%        N/A       4%          4
 Ozocubu's Refrigeration  Ice            35%        4d15      4%          7
 Confusing Touch          Hex            31%        N/A       6%          3
 Sigil of Binding         Hex            31%        N/A       6%          3
 Tukima's Dance           Hex            31%        N/A       6%          3
 Dimensional Bullseye     Hex/Tloc       21%        N/A       7%          4
 Summon Forest            Summ/Tloc      21%        N/A       16%         5
 Ignition                 Fire           36%        3d11      16%         8
 Borgnjor's Revivificati  Necr           39%        N/A       28%         8
 Spellforged Servitor     Conj/Summ      25%        N/A       38%         7
 Lehudib's Crystal Spear  Conj/Erth      31%        10d8      50%         8
 Fire Storm               Conj/Fire      34%        8d9       96%         9
 Enfeeble                 Hex            15%        N/A       100%        7
 Summon Hydra             Summ           15%        N/A       100%        7
 Discord                  Hex            15%        N/A       100%        8
 Disjunction              Tloc           26%        N/A       100%        8


Dungeon Overview and Level Annotations

Branches:
Dungeon (15/15)            Temple (1/1) D:4            Lair (5/5) D:11
 Shoals (4/4) Lair:3        Snake (4/4) Lair:3        Slime (5/5) Lair:5
    Orc (2/2) D:10            Elf (3/3) Orc:2        Vaults (5/5) D:14
  Crypt (3/3) Vaults:3       Tomb (1/3) Crypt:3      Depths (4/4) D:15
    Zot (5/5) Depths:4      IceCv (visited)

Altars:
Ashenzari
Cheibriados
Dithmenos
Elyvilon
Fedhas
Gozag
Hepliaklqana
Kikubaaqudgha
Makhleb
Nemelex Xobeh
Okawaru
Qazlal
Ru
Sif Muna
Trog
Uskayaw
Vehumet
Wu Jian
Xom
Yredelemnul
Zin
The Shining One
Jiyva

Shops:
D:13 [   Orc:2 *:([   Elf:1 (   Elf:3 *   Shoals:4 (   Snake:2 *
Snake:3 (==[*   Vaults:5 [!   Depths:4 *

Portals:
Hell: Lair:5 Depths:1 Depths:2 Depths:3 Depths:4
Abyss: Depths:3
Pandemonium: Depths:2
Ziggurat: Depths:2

Annotations:
D:4 Edmund
Snake:1 1 runed translucent door, Zeo's ghost, adept KoHu
Snake:4 3 runed translucent doors, bakla's ghost, journeyman TrSh
Depths:2 2 transporters, peter4's ghost, adept MiGl


Innate Abilities, Weirdness & Mutations

You have razor-sharp teeth.
Your natural rate of healing is unusually fast.
When hurt, damage is shared between your health and your magic reserves.
Your bite disrupts and absorbs the magic of your enemies.
Potions cannot restore your health.
You are frail. (-10% HP)
You are strong-willed. (Will+)
Your muscles are strong. (Str +4, Int/Dex -1)
Your spells are a little easier to cast, but a little less powerful.
You sometimes lose the ability to read scrolls when taking damage.


Message History

The orb of fire glows bright magenta.
The fireball explodes!
The fireball engulfs you!!! You resist.
* * * LOW HITPOINT WARNING * * *
The fireball engulfs the orb of fire.
The orb of fire completely resists.
You hear a loud "Zot"!
You closely miss the orb of fire. Your bite misses the orb of fire.
The orb of fire is lightly damaged.
You block the Killer Klown's attack.
Casting: Sticky Flame (safe; 0% risk of failure)
Confirm with . or Enter, or press ? or * to list all spells.
You erupt in a fountain of uncontrolled magic!
The Killer Klown is blasted with magical radiation!!!
The Killer Klown is moderately wounded.
The orb of fire is blasted with magical radiation.
The Killer Klown pokes you but does no damage.
Casting: Irradiate (safe; 1% risk of failure)
Confirm with . or Enter, or press ? or * to list all spells.
Aiming: Sticky Flame (safe; 0% risk of failure)
Press: ? - help, Shift-Dir - straight line, f - Killer Klown
Aim: a Killer Klown, wielding a +9 club of pain (moderately wounded)
The sticky flame hits the Killer Klown!
The Killer Klown is moderately wounded.
You can read scrolls again.
The Killer Klown burns!
The orb of fire's magic is no longer disrupted.
The orb of fire glows yellow.
The bolt of fire hits you!! You resist.
* * * LOW HITPOINT WARNING * * *
The Killer Klown barely misses you.
The orb of fire glows yellow.
The bolt of fire hits you!! You resist.
* * * LOW HITPOINT WARNING * * *
Magic courses through your body.
The Killer Klown burns!
The Killer Klown kneecaps you with a +9 club of pain!
* * * LOW HITPOINT WARNING * * *
You writhe in agony!
* * * LOW HITPOINT WARNING * * *
The Killer Klown pies you viciously! The klown pie hits you!!
Plum!
You feel light-headed.
You die...

...........
▓▓...........
▓▓..............
▓▓........^......
▓................
▓................
▓▓....^.........^
▓▓....*p........
▓▓...@.........
▓▓..)..##▓▓▓▓▓▓▓▓▓▓▓#
##......)..).....)...#
##.......)........##...
##..................###.
#....................###
#....................# #
#..........^.........#
#.............:......#


You could see an orb of fire and a Killer Klown (burning).

Vanquished Creatures
  the Royal Jelly (Slime:5)
  Frederick (Vaults:5)
  3 ancient liches
  A dread lich (Crypt:3)
  2 orbs of fire
  Xtahua (Vaults:2)
  2 shard shrikes (Zot:3)
  Sojobo (Vaults:4)
  5 Killer Klowns (Zot:5)
  Vashnia (Snake:3)
  3 curse toes
  8 golden dragons
  Nikola (Shoals:4)
  A bone dragon (Crypt:3)
  4 electric golems
  Jorgrun (Shoals:2)
  A shard shrike zombie (Crypt:2)
  10 Orb Guardians (Zot:5)
  8 liches
  21 acid blobs
  Asterion (Elf:3)
  12 tentacled monstrosities
  2 deep elf blademasters
  3 titans (Vaults:5)
  6 ancient champions
  Polyphemus (Shoals:2)
  A deep elf master archer (Elf:3)
  4 krakens
  Frances (D:13)
  8 death cobs
  6 sphinxes
  11 quicksilver dragons
  6 tengu reavers
  Aizul (Lair:3)
  11 storm dragons
  3 draconian monks
  12 shadow dragons
  10 fire giants
  10 azure jellies
  7 nagarajas
  4 protean progenitors
  5 deep elf elementalists
  10 frost giants
  15 rockslimes
  5 draconian scorchers
  6 draconian shifters
  9 deep elf sorcerers
  6 draconian knights
  A juggernaut zombie (Crypt:1)
  An iron dragon (Depths:3)
  17 vault wardens
  A caustic shrike zombie (Crypt:1)
  An orc warlord (Orc:2)
  A ghost moth (Zot:2)
  5 curse skulls
  2 ghouls (Crypt:3)
  4 reapers
  7 draconian stormcallers
  31 very ugly things
  13 ironbound preservers
  16 quicksilver oozes
  7 draconian annihilators
  20 stone giants
  6 formless jellyfish
  3 spriggan defenders
  9 green draconians
  3 ironbound thunderhulks
  11 vampire knights
  9 deep elf annihilators
  2 grey draconians (Depths:4)
  6 deep elf demonologists
  9 deep elf death magi
  9 red draconians
  2 war gargoyles (Vaults:4)
  Azrael (D:12)
  15 dire elephants
  13 black draconians
  8 white draconians
  10 purple draconians
  7 eidola
  11 yellow draconians
  7 fire dragons
  7 merfolk impalers
  A green death (Zot:3)
  14 ettins
  A crystal guardian (Vaults:3)
  12 yaktaur captains
  3 blizzard demons
  2 quicksilver dragon zombies
  2 entropy weavers
  5 deep elf high priests
  6 merfolk javelineers (Shoals:4)
  Josephine (Lair:4)
  8 great orbs of eyes
  Harold (Orc:1)
  6 hydras
  A quicksilver dragon skeleton (Crypt:1)
  5 rakshasas
  A peacekeeper (Vaults:3)
  A juggernaut simulacrum (Crypt:3)
  An Orb Guardian zombie (Crypt:2)
  3 spriggan air magi
  5 ogre magi
  2 spriggan skeletons
  13 ice dragons
  11 ironbound frosthearts
  2 radroaches (Zot:5)
  Erica (D:8)
  8 merfolk aquamancers
  15 anacondas
  39 vault guards
  2 salamander tyrants (Snake:4)
  4 catoblepae
  A fenstrider witch skeleton (Tomb:1)
  6 merfolk avatars
  9 two-headed ogres
  8 vampire magi
  5 boulder beetles
  4 tengu warriors
  10 centaur warriors
  3 death knights
  11 death yaks
  5 deep troll shamans
  3 satyrs
  A hell hog (Depths:3)
  13 deep troll earth magi
  23 naga sharpshooters
  3 occultists
  5 spriggan berserkers
  29 dancing weapons
  11 naga warriors
  Urug (Orc:2)
  An orc high priest (Orc:2)
  Sonja (Orc:1)
  27 deep elf knights
  9 shock serpents
  Nergalle (Orc:1)
  9 hell knights
  A sun demon (Depths:3)
  9 soul eaters
  30 skeletal warriors
  5 skysharks
  2 golden dragon zombies
  10 iron trolls
  13 sea snakes
  9 salamander mystics
  3 shadow wraiths
  A ghost moth zombie (Crypt:1)
  3 swamp dragons (Depths:4)
  42 deep trolls
  10 mana vipers
  A sixfirhy (Lair:5)
  A glowing orange brain (shapeshifter) (Vaults:5)
  3 bog bodies (Crypt:3)
  4 arcanists
  9 flayed ghosts
  4 naga ritualists
  10 necromancers
  5 glowing orange brains
  2 bunyip skeletons
  A wolf spider zombie (Crypt:2)
  20 ironbound convokers
  A spark wasp zombie (D:15)
  10 harpies
  6 lindwurms
  5 orc knights
  An anaconda skeleton (Crypt:1)
  31 deep elf pyromancers
  15 deep elf archers
  46 ugly things
  24 deep elf zephyrmancers
  15 phantasmal warriors
  3 oklob plants (Lair:5)
  4 wolf spiders
  11 shining eyes
  17 fauns
  8 orc sorcerers
  8 cyclopes
  9 elephants
  3 meliai (D:14)
  20 manticores
  A fire giant zombie (Vaults:2)
  20 salamanders
  19 moths of wrath
  2 ice statues (IceCv)
  16 vault sentinels
  An alligator skeleton (Crypt:3)
  A frost giant skeleton (Vaults:2)
  36 black mambas
  4 water nymphs
  8 guardian serpents
  A kobold blastminer (Orc:2)
  16 naga magi
  2 smoke demons
  2 torpor snails
  2 water nymphs (shapeshifter)
  9 merfolk sirens
  3 eyes of devastation
  7 freezing wraiths
  13 cane toads
  4 gargoyles
  2 centaur skeletons
  An orange demon (Lair:5)
  Maggie (D:6)
  9 komodo dragons
  An unseen horror (shapeshifter) (Vaults:5)
  36 yaktaurs
  An alligator snapping turtle skeleton (Crypt:2)
  A yaktaur skeleton (Vaults:3)
  A kobold demonologist (Depths:3)
  11 rime drakes
  5 tengu conjurers
  An unseen horror (D:12)
  An ice devil (Lair:5)
  2 minotaur skeletons (Crypt:3)
  Psyche (D:8)
  A harpy zombie (Crypt:2)
  A yellow draconian skeleton (Crypt:1)
  A silent spectre (Depths:3)
  6 hornets
  55 merfolk
  4 red devils (Lair:5)
  2 tyrant leeches (Zot:5)
  8 wind drakes
  6 trolls
  3 polar bears
  2 trolls (shapeshifter) (Vaults:5)
  A glass eye (shapeshifter) (Depths:2)
  7 dream sheep (Lair:5)
  5 glass eyes
  An ice dragon zombie (Crypt:3)
  22 blink frogs
  A sun moth zombie (Crypt:2)
  14 snapping turtles
  90 slime creatures
  An ettin zombie (Crypt:3)
  3 air elementals
  2 shadows
  14 wyverns
  5 spriggans
  4 hogs (Elf:1)
  63 yaks
  9 basilisks
  20 water elementals
  Grum (D:10)
  13 wraiths
  8 golden eyes (Slime:5)
  17 humans
  6 wargs
  A yaktaur simulacrum (Vaults:3)
  A steam dragon (D:10)
  2 golden eyes (shapeshifter)
  3 vampire mosquitoes (D:14)
  6 fire elementals
  4 redbacks
  A harpy simulacrum (Crypt:3)
  2 acid dragons
  39 nagas
  8 hell hounds
  11 water moccasins
  3 human skeletons
  A fire bat skeleton (Crypt:1)
  3 black bears
  2 sky beasts
  43 laughing skulls
  24 orc warriors
  5 ogres
  3 boggarts (Vaults:1)
  5 wolves (D:10)
  7 centaurs
  A lindwurm skeleton (Crypt:3)
  A snapping turtle skeleton (Crypt:3)
  A phantom (D:5)
  A hog skeleton (Crypt:2)
  A salamander zombie (Crypt:2)
  Blork the orc (D:6)
  13 bullfrogs
  A cyclops zombie (Crypt:3)
  4 earth elementals
  A komodo dragon skeleton (Crypt:2)
  A gnoll sergeant (D:4)
  A scorpion (D:6)
  A wight (D:9)
  A water moccasin skeleton (D:6)
  4 lindwurm simulacra (IceCv)
  15 killer bees
  5 electric eels
  4 bombardier beetles
  4 howler monkeys
  2 bullfrog zombies (D:6)
  2 centaur zombies
  5 hounds
  6 komodo dragon simulacra (IceCv)
  A human simulacrum (Vaults:3)
  17 orc priests
  2 gnoll boudas (D:5)
  A jelly (D:8)
  A sleepcap (D:4)
  3 iguanas (D:5)
  30 orc wizards
  A boggart skeleton (Crypt:1)
  7 hell rats (Lair:1)
  A killer bee zombie (D:6)
  An ogre skeleton (Crypt:3)
  17 gnolls
  A howler monkey skeleton (D:6)
  5 acid dragon simulacra (IceCv)
  8 adders
  A steam dragon skeleton (Crypt:1)
  A shadow imp (D:7)
  3 white imps
  6 steam dragon simulacra (IceCv)
  5 dart slugs
  60 orcs
  3 ball pythons
  7 bats
  8 endoplasms
  6 giant cockroaches
  12 goblins
  2 hobgoblins (D:2)
  4 jackals (D:5)
  3 quokkas
  5 frilled lizards
  A kobold (D:2)
  A kobold zombie (Crypt:1)
  7 rats
  A butterfly (Lair:1)
  10 tentacles
2466 creatures vanquished.

Vanquished Creatures (others)
  A golden dragon (Zot:3)
  Kirke (Elf:1)
  A fire giant (Depths:3)
  A manticore (Shoals:1)
  A black mamba (Snake:3)
  A human (Depths:3)
  10 tentacles
16 creatures vanquished.

Grand Total: 2482 creatures vanquished

Notes
Turn   | Place    | Note
-------+----------+-------------------------------------------
     0 | D:1      | Esekla the Vine Stalker Warper began the quest for the Orb.
     0 | D:1      | Reached XP level 1. HP: 11/11 MP: 4/4
   272 | D:2      | Reached XP level 2. HP: 13/15 MP: 4/6
   278 | D:2      | Learned a level 2 spell: Mercury Vapours
   498 | D:2      | Reached XP level 3. HP: 18/18 MP: 7/7
  1050 | D:1      | Reached skill level 1 in Air Magic
  1148 | D:3      | Reached XP level 4. HP: 23/23 MP: 6/8
  1151 | D:3      | Reached skill level 1 in Alchemy
  1268 | D:3      | Learned a level 2 spell: Blink
  1279 | D:4      | Noticed a bullfrog
  1289 | D:4      | Found a staircase to the Ecumenical Temple.
  1295 | Temple   | Entered the Ecumenical Temple
  1309 | Temple   | Became a worshipper of Vehumet
  1349 | D:3      | Reached XP level 5. HP: 23/27 MP: 5/10
  1592 | D:3      | Reached skill level 1 in Stealth
  1616 | D:3      | Identified the +4 spear of Mecumn {holy, +Blink rF+}
  1926 | D:2      | Reached skill level 1 in Short Blades
  1936 | D:2      | Reached * piety under Vehumet
  1936 | D:2      | Offered knowledge of Kiss of Death by Vehumet.
  2167 | D:3      | Reached skill level 3 in Spellcasting
  2167 | D:3      | Reached XP level 6. HP: 27/32 MP: 11/11
  2763 | D:5      | Entered Level 5 of the Dungeon
  2799 | D:4      | Reached XP level 7. HP: 35/35 MP: 8/13
  3324 | D:5      | Found an ornate altar of the Wu Jian Council.
  3388 | D:5      | Noticed Edmund
  3468 | D:5      | Found an iron altar of Okawaru.
  3470 | D:5      | Found a basalt altar of Yredelemnul.
  3633 | D:5      | Reached ** piety under Vehumet
  3634 | D:5      | Reached skill level 4 in Spellcasting
  3644 | D:5      | Found a broken altar of Ashenzari.
  3646 | D:5      | Found a shimmering altar of Xom.
  3902 | D:5      | Offered knowledge of Static Discharge by Vehumet.
  4103 | D:5      | Gained mutation: You have razor-sharp teeth. [Vine Stalker
                  | growth]
  4103 | D:5      | Reached XP level 8. HP: 40/40 MP: 15/15
  4439 | D:6      | Noticed Blork the orc
  4907 | D:7      | Noticed a shadow
  5069 | D:6      | Noticed Maggie
  5108 | D:6      | Reached skill level 5 in Spellcasting
  5142 | D:5      | Reached skill level 1 in Shields
  5234 | D:6      | Offered knowledge of Hailstorm by Vehumet.
  5301 | D:6      | Killed Blork the orc
  5343 | D:6      | Reached XP level 9. HP: 40/45 MP: 18/18
  5408 | D:6      | Killed Maggie
  5657 | D:7      | Learned a level 4 spell: Airstrike
  5662 | D:7      | Learned a level 4 spell: Olgreb's Toxic Radiance
  5700 | D:7      | Reached *** piety under Vehumet
  5705 | D:7      | Reached skill level 1 in Throwing
  5715 | D:7      | Reached skill level 6 in Spellcasting
  5938 | D:7      | Offered knowledge of Ignite Poison by Vehumet.
  5939 | D:7      | Reached skill level 5 in Alchemy
  5949 | D:7      | Learned a level 4 spell: Ignite Poison
  6225 | D:8      | Noticed a hornet
  6233 | D:8      | Killed a hornet
  6239 | D:8      | Reached skill level 1 in Fire Magic
  6279 | D:8      | Noticed Psyche
  6297 | D:8      | Killed Psyche
  6346 | D:8      | Noticed Erica
  6360 | D:8      | Reached XP level 10. HP: 16/51 MP: 3/21
  6361 | D:8      | Reached skill level 7 in Spellcasting
  6366 | D:8      | Killed Erica
  7277 | D:9      | Noticed a two-headed ogre
  7285 | D:9      | Reached skill level 5 in Fighting
  7286 | D:9      | Killed a two-headed ogre
  7287 | D:9      | Reached skill level 8 in Spellcasting
  7287 | D:9      | Reached skill level 1 in Conjurations
  7287 | D:9      | Reached skill level 1 in Ice Magic
  7390 | D:9      | Reached skill level 5 in Air Magic
  7475 | D:9      | Got the Directory of the Entrancing Glacier
  7526 | D:9      | Reached **** piety under Vehumet
  7588 | D:9      | Offered knowledge of Iskenderun's Battlesphere by Vehumet.
  7820 | D:9      | Found a glowing golden altar of the Shining One.
  7939 | D:10     | Entered Level 10 of the Dungeon
  7956 | D:10     | Reached XP level 11. HP: 56/56 MP: 15/24
  7962 | D:10     | Reached skill level 9 in Spellcasting
  8163 | D:10     | Noticed Grum
  8172 | D:10     | Killed Grum
  8512 | D:10     | Found a staircase to the Orcish Mines.
  9182 | D:10     | Reached ***** piety under Vehumet
  9309 | D:11     | Found a staircase to the Lair.
  9359 | D:11     | Offered knowledge of Flame Wave by Vehumet.
  9434 | D:11     | Noticed a green ugly thing
  9490 | D:11     | Noticed a cyclops
  9504 | D:11     | Killed a cyclops
  9504 | D:11     | Noticed a boulder beetle
  9522 | D:11     | Killed a green ugly thing
  9522 | D:11     | Killed a boulder beetle
  9523 | D:11     | Reached skill level 10 in Spellcasting
  9731 | D:10     | Learned a level 5 spell: Freezing Cloud
 10312 | D:11     | Noticed a boulder beetle
 10320 | D:11     | Killed a boulder beetle
 10463 | Lair:1   | Entered Level 1 of the Lair of Beasts
 10708 | Lair:1   | Reached XP level 12. HP: 61/61 MP: 27/27
 11071 | Lair:1   | Learned a level 3 spell: Mephitic Cloud
 11414 | Lair:1   | Reached skill level 11 in Spellcasting
 11489 | Lair:2   | Noticed a four-headed hydra
 11496 | Lair:2   | Killed a four-headed hydra
 11570 | Lair:2   | Reached skill level 5 in Fire Magic
 11994 | Lair:2   | Identified 2 scrolls of acquirement
 12019 | Lair:2   | Offered knowledge of Sticky Flame by Vehumet.
 12020 | Lair:2   | Reached XP level 13. HP: 66/66 MP: 29/29
 12025 | Lair:2   | Learned a level 4 spell: Sticky Flame
 12240 | Lair:2   | Reached skill level 5 in Conjurations
 12451 | Lair:3   | Reached skill level 12 in Spellcasting
 12454 | Lair:3   | Reached skill level 5 in Ice Magic
 12641 | Lair:3   | Reached skill level 5 in Short Blades
 12712 | Lair:3   | Found a staircase to the Shoals.
 12919 | Lair:3   | Found a staircase to the Snake Pit.
 13487 | Lair:4   | Noticed Josephine
 13935 | Lair:4   | Offered knowledge of Plasma Beam by Vehumet.
 13939 | Lair:4   | HP: 5/102 [poisoned by a black mamba]
 13944 | Lair:4   | HP: 3/102 [poisoned by a black mamba]
 14072 | Lair:4   | Reached skill level 13 in Spellcasting
 14074 | Lair:4   | Reached XP level 14. HP: 68/72 MP: 28/32
 14540 | Lair:4   | Learned a level 4 spell: Iskenderun's Mystic Blast
 14583 | Lair:4   | Killed Josephine
 14624 | Lair:5   | Entered Level 5 of the Lair of Beasts
 14741 | Lair:5   | Found a frozen archway.
 14784 | IceCv    | Entered an ice cave
 15469 | IceCv    | Learned a level 3 spell: Ozocubu's Armour
 15779 | IceCv    | Learned a level 3 spell: Fugue of the Fallen
 15866 | IceCv    | Reached skill level 1 in Armour
 15893 | IceCv    | Found the dreamshard necklace {Acrobat *Dream}
 16063 | Lair:5   | Found a viscous altar of Jiyva.
 16116 | Lair:5   | Found a staircase to the Slime Pits.
 16423 | Lair:5   | Identified the +0 ring mail of Untold Secrets {Int+4}
 16428 | Lair:5   | Reached skill level 1 in Necromancy
 16596 | Lair:5   | Offered knowledge of Fireball by Vehumet.
 17466 | Lair:5   | Found a burning altar of Makhleb.
 17480 | Lair:5   | Reached skill level 14 in Spellcasting
 17624 | Lair:5   | Found a gateway to Hell.
 18014 | Orc:1    | Entered Level 1 of the Orcish Mines
 18031 | D:10     | Reached XP level 15. HP: 45/78 MP: 13/34
 18489 | Orc:1    | Noticed Nergalle
 18490 | Orc:1    | Noticed Sonja
 18494 | Orc:1    | Killed Sonja
 18494 | Orc:1    | Killed Nergalle
 18495 | Orc:1    | Noticed Harold
 18501 | Orc:1    | Killed Harold
 18675 | Orc:2    | Entered Level 2 of the Orcish Mines
 19078 | Orc:2    | Offered knowledge of Conjure Ball Lightning by Vehumet.
 19265 | Orc:2    | Found a staircase to the Elven Halls.
 19271 | Orc:2    | Noticed an orc warlord
 19271 | Orc:2    | Noticed Urug
 19278 | Orc:2    | Killed Urug
 19282 | Orc:2    | Killed an orc warlord
 19402 | Orc:2    | Found Veubbet's Antique Weapon Emporium.
 19413 | Orc:2    | Found Dougapet's Antique Armour Emporium.
 19416 | Orc:2    | Found Cyudix's Book Emporium.
 19419 | Orc:2    | Found Vereffe's General Store.
 19660 | Orc:2    | Bought the +1 robe of Vines {NoPotionHeal Regen++++} for
                  | 1840 gold pieces
 19660 | Orc:2    | Found the +1 robe of Vines {NoPotionHeal Regen++++}
 19688 | Orc:2    | Bought a book of Debilitation for 476 gold pieces
 19692 | Orc:2    | Learned a level 3 spell: Vampiric Draining
 19708 | Orc:2    | Bought a scroll of identify for 26 gold pieces
 20091 | Orc:2    | Acquired the ring "Keish" {rF+ rC+ rCorr}
 20093 | Orc:2    | Acquired 798 gold pieces
 20095 | Orc:2    | Acquired the ring "Efeg" {rPois Int+6}
 20363 | D:12     | Identified the +0 pair of gloves of Misanthropy {rN+}
 20516 | D:12     | Reached skill level 15 in Spellcasting
 20608 | D:12     | Noticed Azrael
 20707 | D:12     | Killed Azrael
 21061 | D:13     | Found Gedwumon's Antique Armour Shoppe.
 21070 | D:13     | Bought a glowing helmet for 217 gold pieces
 21390 | D:13     | Noticed Frances
 21423 | D:13     | Killed Frances
 21948 | D:14     | Found a gate to the Vaults.
 21974 | D:14     | Reached ****** piety under Vehumet
 21974 | D:14     | Offered knowledge of Ozocubu's Refrigeration by Vehumet.
 22175 | D:14     | Reached XP level 16. HP: 84/84 MP: 25/36
 22216 | D:14     | Reached skill level 10 in Alchemy
 22326 | D:14     | Reached skill level 5 in Necromancy
 22691 | D:15     | Entered Level 15 of the Dungeon
 22763 | D:15     | Reached skill level 16 in Spellcasting
 22900 | D:15     | Found a shimmering blue altar of Sif Muna.
 23271 | D:15     | Found a staircase to the Depths.
 23547 | Snake:1  | Entered Level 1 of the Snake Pit
 23795 | Snake:1  | Reached skill level 10 in Fighting
 23799 | Snake:1  | Identified the serpent talisman "Cisuq" {rF+ Will+ Int-3
                  | Slay+2}
 23799 | Snake:1  | Noticed Aizul
 23869 | Lair:3   | Killed Aizul
 23870 | Lair:3   | Reached skill level 5 in Dodging
 24022 | Snake:1  | Offered knowledge of Spellforged Servitor by Vehumet.
 24051 | Snake:1  | Found a runed translucent door.
 24553 | D:13     | Bought a runed kite shield for 217 gold pieces
 24833 | Snake:1  | Identified the +0 ring mail of Resonance {Harm}
 24971 | Snake:1  | Noticed Zeo's ghost (adept KoHu)
 25209 | Snake:2  | Found Qoeme's Assorted Antiques.
 25292 | Snake:2  | Bought a fizzy green potion for 23 gold pieces
 25292 | Snake:2  | Bought a scroll of identify for 52 gold pieces
 25292 | Snake:2  | Bought a scorched leather armour for 182 gold pieces
 25292 | Snake:2  | Identified the +3 leather armour "Jiumpisch" {Rampage rPois
                  | Str-3} (You bought it in a shop on level 2 of the Snake
                  | Pit)
 25908 | Snake:2  | Reached XP level 17. HP: 89/89 MP: 34/38
 26249 | Snake:2  | Reached skill level 17 in Spellcasting
 26912 | Snake:3  | Found Wagruo's Neck Hole.
 26932 | Snake:3  | Identified the +7 falchion of the Twisting Gods {flame, rN+
                  | Will+}
 27105 | Snake:3  | Acquired 1223 gold pieces
 27366 | Snake:3  | Found Riog's Antique Weapon Shoppe.
 27396 | Snake:3  | Found Yhaam's Jewellery Emporium.
 27396 | Snake:3  | Found Zeogy's Jewellery Shoppe.
 27400 | Snake:3  | Found Qaxyhugiba's Antique Armour Emporium.
 27428 | Snake:3  | Bought a pair of runed boots for 225 gold pieces
 27445 | Snake:3  | Bought a glowing scimitar for 168 gold pieces
 27447 | Snake:3  | Bought a runed long sword for 156 gold pieces
 27451 | Snake:3  | Bought a glowing long sword for 156 gold pieces
 27562 | Snake:3  | Noticed Vashnia
 27594 | Snake:3  | Killed Vashnia
 28030 | Snake:3  | Identified the +0 ring mail of the Ten Moons {MP+9 Str+4}
 28656 | Snake:3  | Offered knowledge of Lehudib's Crystal Spear by Vehumet.
 28656 | Snake:3  | Offered knowledge of Chain Lightning by Vehumet.
 28656 | Snake:3  | Offered knowledge of Ignition by Vehumet.
 29223 | Snake:4  | Entered Level 4 of the Snake Pit
 30122 | Snake:4  | Found a runed translucent gate.
 30480 | Snake:4  | Learned a level 1 spell: Apportation
 30502 | Snake:4  | Reached skill level 5 in Shields
 30514 | Snake:4  | Reached XP level 18. HP: 95/95 MP: 38/40
 30620 | Snake:4  | Reached skill level 5 in Stealth
 30722 | Snake:4  | Learned a level 4 spell: Vhi's Electric Charge
 31333 | Snake:4  | Reached skill level 18 in Spellcasting
 31868 | Snake:4  | Got a serpentine rune of Zot
 31926 | Snake:4  | Found a runed translucent gate.
 31926 | Snake:4  | Found a runed translucent gate.
 31931 | Snake:4  | Noticed bakla's ghost (journeyman TrSh)
 32065 | Shoals:1 | Entered Level 1 of the Shoals
 32072 | Shoals:1 | Reached skill level 5 in Long Blades
 32946 | Shoals:2 | Noticed Polyphemus
 32954 | Shoals:2 | Killed Polyphemus
 33075 | Shoals:2 | Noticed Jorgrun
 33093 | Shoals:2 | Reached skill level 10 in Air Magic
 33119 | Shoals:2 | Killed Jorgrun
 33495 | Shoals:2 | Identified the +4 whip "Ytiru" {holy, ^Drain +Blink rN+
                  | Str+3}
 33841 | Shoals:2 | Reached XP level 19. HP: 100/100 MP: 32/42
 34155 | Shoals:3 | Identified the +2 hat of the Land of Plenty {Rampage Str+4}
 34187 | Shoals:3 | Reached skill level 19 in Spellcasting
 34794 | Shoals:4 | Entered Level 4 of the Shoals
 34849 | Shoals:4 | Noticed Nikola
 34860 | Shoals:4 | Killed Nikola
 35873 | Shoals:4 | Identified the staff of Hotuoxkyvvy {rPois rN+ Will+ Str+3
                  | Dex+3 Necro}
 36082 | Shoals:4 | Found Qyxoruyju's Weapon Boutique.
 37323 | Shoals:4 | Got a barnacled rune of Zot
 37790 | Vaults:1 | Entered Level 1 of the Vaults
 39030 | Vaults:1 | Reached XP level 20. HP: 104/105 MP: 44/44
 39354 | Vaults:2 | Reached skill level 20 in Spellcasting
 39941 | Orc:2    | Bought a book of Touch for 374 gold pieces
 39946 | Orc:2    | Learned a level 4 spell: Dispel Undead
 40363 | Vaults:2 | Identified the ring "Gathocla" {Fly rPois}
 40506 | Vaults:2 | Identified the +8 scimitar "Vine Stalker's Death" {flame,
                  | ^Fragile rN+ Will+ Int+4}
 40553 | Vaults:2 | Noticed Xtahua
 40593 | Vaults:2 | Killed Xtahua
 41107 | Vaults:2 | Learned a level 8 spell: Maxwell's Capacitive Coupling
 41308 | Vaults:3 | Found a staircase to the Crypt.
 41718 | Vaults:3 | Reached XP level 21. HP: 112/112 MP: 46/46
 42040 | Vaults:3 | Reached skill level 21 in Spellcasting
 42831 | Vaults:4 | Reached skill level 10 in Fire Magic
 43721 | Crypt:1  | Entered Level 1 of the Crypt
 45282 | Crypt:2  | Reached skill level 10 in Necromancy
 45745 | Crypt:1  | Reached XP level 22. HP: 115/116 MP: 39/48
 46544 | Crypt:3  | Entered Level 3 of the Crypt
 46963 | Crypt:3  | Identified the +2 robe "Zaentob" {rF+}
 46968 | Crypt:3  | Reached skill level 22 in Spellcasting
 47248 | Crypt:3  | Identified the +4 ring mail "Umer" {Str+4 Int-4}
 47511 | Crypt:3  | Found the +8 demon blade "Leech" {evervamp, Harm ^Drain
                  | rN+}
 47651 | Crypt:3  | Found a staircase to the Tomb.
 47823 | Crypt:3  | Noticed a dread lich
 47823 | Crypt:3  | Noticed an ancient lich
 48081 | Crypt:3  | Got Sif Muna's Catalogue of Decomposition and Bringing
                  | Forth
 48347 | Elf:1    | Entered Level 1 of the Elven Halls
 48369 | Elf:1    | Reached skill level 10 in Shields
 48475 | Elf:1    | Paralysed by an air elemental for 1 turns
 48478 | Elf:1    | Paralysed by an air elemental for 1 turns
 48481 | Elf:1    | Paralysed by an air elemental for 1 turns
 48487 | Elf:1    | Paralysed by an air elemental for 1 turns
 48734 | Elf:1    | Found Wukkelyg's Weapon Boutique.
 49270 | Elf:1    | Noticed Kirke
 49277 | Elf:1    | Killed Kirke
 50288 | Elf:2    | Found a runed translucent gate.
 50288 | Elf:2    | Found a runed translucent gate.
 50288 | Elf:2    | Found a runed translucent gate.
 50558 | Elf:2    | Reached XP level 23. HP: 118/120 MP: 32/50
 51111 | Elf:3    | Entered Level 3 of the Elven Halls
 51554 | Elf:3    | Reached skill level 23 in Spellcasting
 51661 | Elf:3    | Found Vaipir's Assorted Antiques.
 51855 | Elf:3    | Found an ancient bone altar of Kikubaaqudgha.
 52029 | Elf:3    | Noticed Asterion
 52040 | Elf:3    | Killed Asterion
 52399 | Elf:3    | Identified the +4 chain mail of Gluttony {rN+ Regen+ SInv}
 52399 | Elf:3    | Identified the ring "Vitix" {Int+2 Dex+6 SInv Stlth+}
 52421 | Elf:3    | Identified the staff of Quboell {rN+ Will+ Str+3 Dex-2
                  | Conj}
 52672 | Elf:3    | Identified the +5 pair of boots of a sewer {MP+9 Dex+4}
 52706 | Elf:3    | Learned a level 5 spell: Irradiate
 52710 | Elf:3    | Learned a level 3 spell: Frozen Ramparts
 53171 | Depths:1 | Entered Level 1 of the Depths
 53859 | Depths:1 | Found a shimmering altar of Xom.
 55062 | Depths:2 | Reached XP level 24. HP: 130/130 MP: 42/51
 55362 | Depths:2 | Found a transporter.
 55367 | Depths:2 | Found a one-way gateway to a ziggurat.
 55386 | Depths:2 | Noticed peter4's ghost (adept MiGl)
 55388 | Depths:2 | Noticed a caustic shrike
 55389 | Depths:2 | Noticed a caustic shrike
 55415 | Depths:2 | Found a transporter.
 55495 | Depths:2 | You fall into a shaft and drop 2 floors!
 55495 | Depths:4 | Entered Level 4 of the Depths
 55495 | Depths:4 | Found a hazy altar of Hepliaklqana.
 55613 | Depths:4 | Reached skill level 24 in Spellcasting
 55691 | Depths:3 | Found a portal to a secret trove of treasure.
 56090 | Depths:3 | You paid a toll of 4 scrolls of fear to enter a treasure
                  | trove
 56091 | Trove    | Entered a treasure trove
 56099 | Trove    | Got the Anthology of Immolation and Creation
 56114 | Trove    | Got the Omnibus of Plutonic Impulse
 56528 | Depths:2 | Identified the +6 spear of Ilasaef {flame, +Blink Dex+2}
 56957 | Depths:2 | Found a one-way gate leading to the halls of Pandemonium.
 57538 | Depths:4 | Found Agocit's Assorted Antiques.
 57704 | Depths:3 | Reached XP level 25. HP: 88/135 MP: 52/52
 58066 | Depths:3 | Found a runed door.
 58447 | Slime:1  | Entered Level 1 of the Pits of Slime
 58449 | Slime:1  | Gained mutation: Your magical capacity is low. (-10% MP) [a
                  | shining eye]
 58628 | Slime:2  | Reached skill level 15 in Fighting
 59497 | Slime:3  | You fall into a shaft and drop 1 floor!
 59553 | Slime:3  | Gained mutation: You occasionally lose the ability to read
                  | scrolls when taking damage. [a shining eye]
 59590 | Slime:3  | Paralysed by a formless jellyfish for 1 turns
 59929 | Slime:2  | Gained mutation: You are occasionally teleported next to
                  | monsters. [a shining eye]
 60111 | Shoals:1 | Lost mutation: Your magical capacity is low. (-10% MP)
                  | [potion of mutation]
 60111 | Shoals:1 | Lost mutation: You are occasionally teleported next to
                  | monsters. [potion of mutation]
 60111 | Shoals:1 | Gained mutation: You are strong-willed. (Will+) [potion of
                  | mutation]
 60111 | Shoals:1 | Gained mutation: Your spells are a little harder to cast,
                  | but a little more powerful. [potion of mutation]
 60111 | Shoals:1 | Gained mutation: You sometimes lose the ability to read
                  | scrolls when taking damage. [potion of mutation]
 60111 | Shoals:1 | Gained mutation: You expend magic power (3 MP) to
                  | strengthen your wands. [potion of mutation]
 60223 | Snake:2  | Lost mutation: You sometimes lose the ability to read
                  | scrolls when taking damage. [potion of mutation]
 60223 | Snake:2  | Lost mutation: You expend magic power (3 MP) to strengthen
                  | your wands. [potion of mutation]
 60223 | Snake:2  | Gained mutation: You are agile. (Dex +4, Str/Int -1)
                  | [potion of mutation]
 60223 | Snake:2  | Gained mutation: You have sharp toenails. [potion of
                  | mutation]
 60773 | Slime:5  | Entered Level 5 of the Pits of Slime
 60824 | Slime:5  | Reached skill level 15 in Air Magic
 60845 | Slime:5  | Gained mutation: You are dopey. (Int -2) [a shining eye]
 60848 | Slime:5  | Lost mutation: Your spells are a little harder to cast, but
                  | a little more powerful. [a shining eye]
 60894 | Slime:5  | Reached skill level 25 in Spellcasting
 61207 | Slime:5  | Gained mutation: You sometimes lose the ability to read
                  | scrolls when taking damage. [a shining eye]
 61576 | Slime:5  | Found a viscous altar of Jiyva.
 61580 | Slime:5  | Noticed the Royal Jelly
 61663 | Slime:5  | Paralysed by a formless jellyfish for 1 turns
 61807 | Slime:5  | Paralysed by a formless jellyfish for 1 turns
 61809 | Slime:5  | Paralysed by a formless jellyfish for 1 turns
 62044 | Slime:5  | Paralysed by a formless jellyfish for 1 turns
 62348 | Slime:5  | Killed the Royal Jelly
 62372 | Slime:5  | Got the Omnibus of the Doomed Birds
 62383 | Slime:5  | Got a slimy rune of Zot
 62386 | Slime:5  | Identified the +7 sling "Deruck" {elec, ^Contam Str+5
                  | Dex+4}
 62429 | Slime:5  | Identified the +5 orcbow of Watchfulness {freeze, rN+ Will+
                  | rCorr Stlth+}
 62695 | Slime:5  | Got the Precepts of Sparks and Charms
 62934 | Slime:5  | Got the Notes on the Horrible Adder
 62956 | Slime:5  | Identified the +1 leather armour of the Shoals {rCorr}
 63739 | Crypt:3  | Killed a dread lich
 63743 | Crypt:3  | Killed an ancient lich
 64012 | Vaults:5 | Entered Level 5 of the Vaults
 64057 | Vaults:5 | Reached XP level 26. HP: 112/141 MP: 38/53
 64088 | Vaults:5 | Noticed Sojobo
 64100 | Vaults:4 | Killed Sojobo
 64300 | Vaults:5 | Identified the ring of Hekukhiu {Fly Str+2 Int+6}
 64811 | Vaults:5 | Identified the orb of Fogeg {light, rN+}
 64811 | Vaults:5 | Noticed Frederick
 64940 | Vaults:5 | Got a silver rune of Zot
 64965 | Vaults:5 | Killed Frederick
 65267 | Vaults:5 | Learned a level 5 spell: Lee's Rapid Deconstruction
 65269 | Vaults:5 | Identified the +1 chain mail of Wialas {-Cast MP-9 Str+7}
 65271 | Vaults:5 | Identified the serpent talisman of Bedevilment {*Corrode
                  | rN+ Will+++ Dex-5}
 65367 | Vaults:5 | Reached skill level 26 in Spellcasting
 65528 | Vaults:5 | Found Otazuira's Antique Armour Boutique.
 65612 | Vaults:5 | Found Aguyprui's Distillery.
 65627 | Vaults:5 | Reached skill level 1 in Earth Magic
 65970 | Vaults:5 | Identified the +6 glaive "Magig" {drain, rPois rF++ Will++}
 66234 | Vaults:5 | Bought a potion of mutation for 136 gold pieces
 66234 | Vaults:5 | Lost mutation: You are dopey. (Int -2) [potion of mutation]
 66234 | Vaults:5 | Lost mutation: You sometimes lose the ability to read
                  | scrolls when taking damage. [potion of mutation]
 66234 | Vaults:5 | Lost mutation: You are agile. (Dex +4, Str/Int -1) [potion
                  | of mutation]
 66234 | Vaults:5 | Gained mutation: Your muscles are strong. (Str +4, Int/Dex
                  | -1) [potion of mutation]
 66234 | Vaults:5 | Gained mutation: You have hidden genetic defects. [potion
                  | of mutation]
 66263 | Vaults:5 | Bought a jewelled robe for 159 gold pieces
 66263 | Vaults:5 | Identified the +1 robe "Qiaz" {-Cast Regen+ SInv} (You
                  | bought it in a shop on level 5 of the Vaults)
 66265 | Vaults:5 | Bought the +5 Storm Queen's Shield {shock, Fly rElec} for
                  | 1276 gold pieces
 66265 | Vaults:5 | Found the +5 Storm Queen's Shield {shock, Fly rElec}
 66468 | Orc:2    | Bought a pair of runed gloves for 172 gold pieces
 66472 | Orc:2    | Bought an embroidered robe for 85 gold pieces
 66557 | Elf:3    | Bought a potion of magic for 272 gold pieces
 66557 | Elf:3    | Bought a translucent double sword for 680 gold pieces
 66557 | Elf:3    | Identified the +7 double sword of Kismet {venom, rElec
                  | Stlth+} (You bought it in a shop on level 3 of the Elven
                  | Halls)
 67226 | Depths:3 | Reached skill level 15 in Alchemy
 67345 | Depths:3 | Noticed an ancient lich
 67355 | Depths:3 | Killed an ancient lich
 67395 | Depths:3 | Found a one-way gate to the infinite horrors of the Abyss.
 67399 | Depths:3 | Noticed an ancient lich
 67405 | Depths:3 | Killed an ancient lich
 67447 | Depths:3 | Identified the +8 great sword of Extinguishment {freeze,
                  | rElec rC+ rN++}
 67451 | Depths:3 | Identified the amulet of Moral Flaws {RegenMP Int+6}
 67489 | Depths:3 | Identified the +10 falchion of Etaifoti {speed, rPois}
 67491 | Depths:3 | Identified the +0 hat of Fashionability {rF+ Will+ Str-5
                  | Int+2 Stlth+}
 68142 | Tomb:1   | Entered Level 1 of the Tomb of the Ancients
 68502 | Depths:3 | Identified the +3 morningstar of the Leaping Moth {freeze,
                  | *Noise +Blink rPois Dex+8}
 68889 | Depths:4 | Reached skill level 10 in Ice Magic
 68933 | Depths:4 | Gained mutation: You are frail. (-10% HP) [hidden defects]
 69375 | Depths:4 | Found a gate to the Realm of Zot.
 69391 | Zot:1    | Entered Level 1 of the Realm of Zot
 69471 | Zot:1    | Reached XP level 27. HP: 123/132 MP: 54/54
 69783 | Zot:1    | Gained mutation: You have terrible hidden genetic defects.
                  | [hidden defects]
 69783 | Zot:1    | Lost mutation: You have terrible hidden genetic defects.
                  | [hidden defects expressed]
 71076 | Zot:2    | Gained mutation: You sometimes lose the ability to read
                  | scrolls when taking damage. [hidden defects]
 71579 | Zot:2    | Identified the +4 scale mail of the Blind Marksman {*Slow
                  | rF+ Str+2}
 71670 | Zot:2    | Reached skill level 5 in Earth Magic
 71851 | Zot:3    | Reached skill level 5 in Translocations
 72182 | Zot:3    | Gained mutation: Your spells are a little easier to cast,
                  | but a little less powerful. [hidden defects]
 72182 | Zot:3    | Lost mutation: You have hidden genetic defects. [hidden
                  | defects expressed]
 72416 | Zot:4    | Reached skill level 27 in Spellcasting
 72658 | Zot:3    | Noticed an orb of fire
 72668 | Zot:3    | Killed an orb of fire
 72720 | Zot:3    | Reached skill level 10 in Dodging
 72788 | Zot:3    | Identified the +5 triple crossbow "Jixais" {drain, rElec
                  | rC+ MP+9 Str-2}
 73678 | Zot:3    | Identified the +1 chain mail of the Enchanted Forest
                  | {Int+2}
 74706 | Zot:5    | Entered Level 5 of the Realm of Zot
 75877 | Zot:5    | Noticed an orb of fire
 75880 | Zot:5    | Noticed an orb of fire
 75891 | Zot:5    | Lost mutation: You have sharp toenails. [an orb of fire]
 75892 | Zot:5    | Killed an orb of fire
 75906 | Zot:5    | HP: 3/135 [orb of fire/bolt of fire (17)]
 75907 | Zot:5    | Killed from afar by a Killer Klown

Illustrated notes

Levels and vault maps discovered:
D:1:      dpeg_arrival_long_road, layout_rooms
D:2:      layout_basic
D:3:      layout_loops_ring, minmay_ruptured
D:4:      layout_loops_ring, minmay_temple_entry_waves
D:5:      layout_loops_corners, nicolae_overflow_crystal_walls,
          nicolae_overflow_hidden_temple, nicolae_zen_rock_garden,
          kennysheep_generic_room_3, uniq_edmund
D:6:      layout_rooms, serial_undead, serial_undead_c, serial_undead_d,
          serial_undead_c, serial_undead_a, uniq_maggie, uniq_blork_the_orc
D:7:      layout_rooms
D:8:      layout_basic, uniq_psyche, uniq_erica
D:9:      layout_big_octagon, tso_oasis_becter, serial_bayou,
          serial_bayou_pond_b, serial_bayou_pond_b, serial_bayou_lagoon_a,
          serial_bayou_pond_b
D:10:     layout_layer_cave, minmay_orc_entry_guard_dogs, uniq_grum
D:11:     layout_loops_corners, lair_entry_dummy
D:12:     layout_cave_pools, uniq_azrael
D:13:     layout_basic, serial_shops, shop, uniq_frances
D:14:     layout_basic, david_vaults_3, nicolae_benzene_ring, nrook_mini_vaults
D:15:     gammafunk_depths_entry_grave, layout_cave_pools, minmay_door_square,
          lemuel_blue_sif_altar
Temple:   nicolae_temple_superstar
Lair:1:   layout_gridlike, nicolae_quartered_pool_impasse,
          nicolae_lair_grazing_beasts [nicolae_sub_lair_graze_edge,
          nicolae_sub_lair_graze_edge, nicolae_sub_lair_graze_edge,
          nicolae_sub_lair_graze_edge], infiniplex_staircase_pool,
          lemuel_fruit_fields, lemuel_fruit_fields
Lair:2:   layout_cave_shapes, lemuel_fruit_fields
Lair:3:   layout_cave_pods, minmay_shoals_entry_centaurs,
          guppyfry_snake_entry_garden, grunt_megastairs_3
Lair:4:   layout_hall_layers, special_room [special_room_mythical_zoo],
          grunt_megastairs_2, uniq_josephine
Lair:5:   evil_forest, layout_small_grid, minmay_slime_entry_oklob_enclosed,
          portal_ice_cave_entry_pillars_2, serial_bayou_shore_a
Shoals:1: layout_shoals, nicolae_shoals_aquamancer_cove
Shoals:2: cheibrodos_shoals_baths, layout_shoals, nicolae_shoals_wave_tunnel,
          uniq_jorgrun, uniq_polyphemus
Shoals:3: layout_shoals, nicolae_tricolors
Shoals:4: shoals_end_hangedman, layout_shoals, serial_shops,
          nicolae_shop_bloodbath_and_beyond, uniq_nikola
Snake:1:  layout_grid_shapes, ebering_ghost_reflecting_pool,
          nicolae_snake_squiggles, uniq_aizul
Snake:2:  cheibrodos_snake_ritualist_ritual, layout_onion, serial_shops,
          nicolae_shop_window_shopping, nicolae_snake_boneroom
Snake:3:  kennysheep_snake, layout_onion_interference,
          serial_library_hellmonk_small_alcove,
          nicolae_shop_sticking_my_neck_out, minmay_shoptagon, uniq_vashnia
Snake:4:  grunt_snake_rune_serpentine_throne, layout_gridlike,
          gammafunk_ghost_necromancy, nicolae_snake_linked_coils,
          nicolae_snake_flat_spine
Slime:1:  layout_caves
Slime:2:  layout_caves
Slime:3:  layout_caves, nicolae_slime_round_cave
Slime:4:  layout_caves
Slime:5:  slime_pit_nicolae_inversion
Orc:1:    layout_caves, uniq_sonja, uniq_nergalle, uniq_harold
Orc:2:    grunt_orc_cross, layout_diamond_mine, nicolae_orc_rich_vein
Elf:1:    layout_loops_cross, serial_shops, nicolae_diamond_shop,
          nicolae_elf_blasts_and_bolts, st_stairs_14, nicolae_zig_zag_zippers,
          uniq_kirke
Elf:2:    nicolae_elf_blades_crystal_corner, layout_gridlike
Elf:3:    minmay_elf_hall_spiked, layout_loops_cross, serial_shops, shop,
          columned_hall_lemuel, david_defended_altar_elf, uniq_asterion
Vaults:1: hangedman_vaults_corner, nicolae_vaults_house_2,
          grunt_vaults_hallway_short, nicolae_vaults_tetromino_L_2,
          nicolae_vaults_little_squares_3, nicolae_vaults_trapezoid_lopsided_4,
          nicolae_vaults_trapezoid_lopsided_3, v_alt_pattern_4,
          nicolae_vaults_heart-shaped_vault, layout_vaults_quadrants
Vaults:2: vaults_dpeg_emergency_exit, v_misc_12, ontoclasm_vaults_shout,
          ontoclasm_vaults_eye, nicolae_vaults_arrows, v_misc_28,
          nicolae_vaults_trapezoid_4, nicolae_vaults_heist,
          vaults_room_large_hall, nicolae_vaults_yaktaur_gun_rack,
          vaults_dpeg_ring, nicolae_vaults_apartment_1,
          nicolae_vaults_tetromino_L_2, vaults_room_semicircle,
          layout_vaults_omnicross, uniq_xtahua
Vaults:3: blue_anna_dwarven_crypt, v_misc_12, nicolae_vaults_disjoint_gnomons,
          hangedman_vaults_snaps, nicolae_vaults_trapezoid_3, v_misc_16,
          ontoclasm_vaults_tryst, v_misc_30, grunt_vaults_diagonal,
          grunt_vaults_hallway_short, nicolae_vaults_diamond_1,
          nicolae_vaults_rhombus_6, layout_vaults_ring
Vaults:4: nicolae_vaults_network_s, nicolae_vaults_two_Ls,
          hangedman_vaults_slither, ontoclasm_vaults_fault,
          nicolae_vaults_house_2, nicolae_vaults_little_squares_4,
          nicolae_vaults_tetromino_L_1, nicolae_vaults_heart-shaped_vault,
          hangedman_vaults_nodes, nicolae_vaults_closet_pinwheel_5,
          nicolae_vaults_trapezoid_1, vaults_dpeg_doors, layout_vaults_omnibox
Vaults:5: uniq_sojobo, uniq_frederick
Crypt:1:  layout_catacombs
Crypt:2:  layout_gridlike, st_stairs_2
Crypt:3:  david_glass_crypt, layout_rooms, serial_glass, glass_columns_a,
          glass_columns_a, glass_columns_c, grunt_ministairs_6,
          lemuel_statue_altar
Tomb:1
Depths:1: layout_honeycomb, hell_entry, minmay_crystal_room, st_stairs_1,
          xom_teletrap_fun, grunt_megastairs_1
Depths:2: minmay_heptahexagon, layout_twisted_cross, enter_ziggurat_a,
          hell_entry, gammafunk_ghost_berserking_beasts, pan_entry,
          minmay_fractal_squares_diagonal_5
Depths:3: evilmike_wizard_prison, layout_cave_pools, abyss_entry, hellmouth_1,
          enter_trove_1, minmay_curled_crystal, minmay_staircase_windowed_small
Depths:4: evilmike_zot_entry_gauntlet, layout_cave_shapes,
          amcnicky_mini_pool_small, serial_shops,
          nicolae_shop_tiny_statue_garden, hangedman_coc_ice_floe,
          nicolae_hepliaklqana_hazy_memory, grunt_megastairs_4
Zot:1:    layout_misc_corridors, hangedman_zot_decor_tridents
Zot:2:    nicolae_zot_stationary_front, layout_cellular_growth
Zot:3:    layout_misc_corridors, bh_zot_ikea_curve, hangedman_zot_spectrum
Zot:4:    layout_basic
Zot:5:    layout_basic

Skill      XL: |  1  2  3  4  5  6  7  8  9 10 11 12 13 14 15 16 17 18 19 20 21 22 23 24 25 26 27 |
---------------+----------------------------------------------------------------------------------+-----
Fighting       | 2 3 4 5 6 7 8 9 10 11 12 13 14 15 16 17 | 17.4
Long Blades    | 2 3 4 5 6 7 8 9 |  9.3
Air Magic      | 1 2 3 4 5 6 7 8 9 10 11 12 13 14 15 16 | 16.2
Alchemy        | 1 2 4 5 6 7 8 9 10 11 12 13 14 15 16 | 16.3
Dodging        | 2 3 4 5 6 7 11 | 11.3
Stealth        | 1 2 3 4 5 6 |  6.5
Short Blades   | 1 2 3 4 5 |  5.2
Spellcasting   | 3 4 5 6 8 10 11 13 14 15 16 17 18 19 20 21 22 23 24 25 26 27 | 27.0
Shields        | 1 2 3 5 6 7 8 9 10 11 12 | 12.4
Throwing       | 1 2 3 |  3.1
Fire Magic     | 1 3 4 5 6 7 8 9 10 11 12 | 12.3
Conjurations   | 2 3 4 5 6 7 8 9 |  9.3
Ice Magic      | 1 3 4 5 6 7 8 9 10 11 | 11.2
Translocations | 4 5 |  5.1
Armour         | 2 |  2.8
Necromancy     | 2 4 6 7 8 10 11 12 13 14 | 14.4
Earth Magic    | 3 7 |  7.9
Evocations     | |  0.5

Action                     |  1- 3 |  4- 6 |  7- 9 | 10-12 | 13-15 | 16-18 | 19-21 | 22-24 | 25-27 || total
---------------------------+-------+-------+-------+-------+-------+-------+-------+-------+-------++-------
  Melee: Falchion          |    38 |       |       |       |       |   216 |   186 |       |   418 ||   858
         Bite              |    30 |    75 |   150 |    65 |   125 |   177 |   234 |   215 |   561 ||  1632
         Dagger            |    68 |   199 |   382 |   122 |   147 |    15 |     2 |       |     7 ||   942
         Long sword        |     9 |       |       |       |       |       |       |       |       ||     9
         Punch             |       |     4 |     4 |       |       |       |       |       |       ||     8
         Scimitar          |       |       |       |    39 |   120 |   144 |   257 |   419 |   449 ||  1428
         Spear             |       |       |       |       |     1 |     7 |     1 |       |       ||     9
  Throw: Dart              |       |       |     8 |       |       |     9 |     4 |       |    10 ||    31
         Boomerang         |       |       |       |     2 |    10 |    18 |    23 |    62 |    56 ||   171
   Cast: Mercury Vapours   |     1 |    24 |    67 |    20 |    62 |    45 |   131 |   121 |   128 ||   599
         Blink             |       |     2 |     7 |     5 |     8 |     2 |     7 |     9 |    14 ||    54
         Olgreb's Toxic Ra |       |       |    10 |    49 |    82 |    41 |    94 |    98 |    92 ||   466
         Ignite Poison     |       |       |       |    27 |   105 |    57 |   134 |   129 |   132 ||   584
         Freezing Cloud    |       |       |       |    15 |    47 |   100 |    29 |    38 |    90 ||   319
         Airstrike         |       |       |       |     3 |    22 |    17 |     3 |    79 |     6 ||   130
         Mephitic Cloud    |       |       |       |       |    57 |    25 |    46 |    36 |    36 ||   200
         Sticky Flame      |       |       |       |       |    41 |    84 |   117 |   112 |   141 ||   495
         Iskenderun's Myst |       |       |       |       |     3 |     4 |     8 |    22 |       ||    37
         Ozocubu's Armour  |       |       |       |       |    17 |    84 |    73 |   111 |    93 ||   378
         Fugue of the Fall |       |       |       |       |    12 |     8 |    33 |    33 |    19 ||   105
         Vampiric Draining |       |       |       |       |     1 |     1 |       |     1 |       ||     3
         Apportation       |       |       |       |       |       |     9 |    24 |    45 |    37 ||   115
         Vhi's Electric Ch |       |       |       |       |       |     1 |       |       |       ||     1
         Dispel Undead     |       |       |       |       |       |       |    79 |    93 |    52 ||   224
         Maxwell's Capacit |       |       |       |       |       |       |       |     1 |     3 ||     4
         Frozen Ramparts   |       |       |       |       |       |       |       |    36 |    58 ||    94
         Irradiate         |       |       |       |       |       |       |       |    25 |    73 ||    98
  Evoke: Wand              |       |       |     1 |     3 |     2 |    18 |     1 |     2 |     1 ||    28
         Lightning rod     |       |       |       |       |       |     2 |       |     1 |       ||     3
    Use: Scroll            |       |     1 |       |     9 |    22 |     9 |     3 |     1 |    17 ||    62
         Potion            |       |       |     1 |       |     2 |     2 |     2 |     1 |     9 ||    17
   Stab: Sleeping          |     4 |     2 |     2 |     2 |     6 |    13 |     6 |     9 |    16 ||    60
         Confused          |       |       |       |       |     5 |     6 |     7 |     2 |     2 ||    22
         Distracted        |       |       |       |       |       |       |     1 |       |       ||     1
 Armour: Robe              |    56 |    98 |   238 |    81 |   137 |   441 |   920 |   763 |  1177 ||  3911
         Troll leather arm |       |       |       |       |    91 |       |       |       |       ||    91
         Leather armour    |       |       |       |       |    23 |       |       |       |       ||    23
  Dodge: Dodged            |    68 |   112 |   266 |    94 |   184 |   292 |   488 |   409 |   604 ||  2517
  Block: Buckler           |       |       |    15 |    70 |   125 |    54 |       |       |       ||   264
         Reflection        |       |       |       |     1 |     2 |    84 |    34 |       |       ||   121
         Kite shield       |       |       |       |       |       |   414 |   773 |   595 |   968 ||  2750
